 Dungeon Crawl Stone Soup version 0.31.0-11-ge490571c62 (webtiles) character file.

Game seed: 5820856343119313883

2678 qw the Markself (level 9, 0/52 HPs)
             Began as a Deep Elf Hunter on Feb 4, 2024.
             Shot with an arrow by an orc warrior (16 damage)
             ... on level 7 of the Dungeon.
             The game lasted 00:00:27 (4824 turns).

qw the Markself (Deep Elf Hunter)                   Turns: 4824, Time: 00:00:27

Health: 0/52       AC:  7    Str:  7    XL:     9   Next: 37%
Magic:  11/11      EV:  9    Int: 22    God:
Gold:   348        SH:  0    Dex: 23    Spells: 8/8 levels left

rFire   . . .        b - +1 longbow
rCold   + . .        (shield currently unavailable)
rNeg    . . .        l - +0 scale mail "Dukhot" {rPois Dex+3}
rPois   +            (no helmet)
rElec   .            (no cloak)
rCorr   +            i - +0 pair of gloves
SInv    .            (no boots)
Will    .....        a - amulet of Foux {RegenMP Str-3 Int+7 Slay+6}
Stlth   +            q - ring of protection from cold
HPRegen 0.28/turn    e - ring of resist corrosion
MPRegen 0.52/turn

%: no passive effects
@: no status effects
A: no striking features
a: no special abilities


You were on level 7 of the Dungeon.
You visited 1 branch of the dungeon, and saw 7 of its levels.

You collected 425 gold pieces.
You spent 77 gold pieces at shops.


   Skills:
 - Level 4.0 Fighting
 + Level 15.0 Ranged Weapons
 - Level 2.2 Armour
 - Level 5.0 Dodging
 - Level 1.2 Stealth


You had 8 spell levels left.
You didn't know any spells.
Your spell library was empty.

Inventory:

Hand Weapons
 b - a +1 longbow (weapon)
Armour
 f - the +5 ring mail "Mihif" {Str+5 Int+3}
   (You found it on level 3 of the Dungeon)

   Str+5:     It affects your strength (+5).
   Int+3:     It affects your intelligence (+3).
 i - a +0 pair of gloves (worn)
 l - the +0 scale mail "Dukhot" (worn) {rPois Dex+3}
   (You found it on level 6 of the Dungeon)

   Dex+3:     It affects your dexterity (+3).
   rPois:     It protects you from poison
Jewellery
 a - the amulet of Foux (around neck) {RegenMP Str-3 Int+7 Slay+6}
   (You acquired it on level 3 of the Dungeon)

   [amulet of magic regeneration]

   RegenMP:   It increases your rate of magic regeneration.
   Str-3:     It affects your strength (-3).
   Int+7:     It affects your intelligence (+7).
   Slay+6:    It affects your accuracy & damage with ranged weapons and melee
   (+6).
 e - a ring of resist corrosion (right hand)
 q - a ring of protection from cold (left hand)
 r - a ring of poison resistance
Wands
 p - a wand of iceblast (7)
Scrolls
 m - 3 scrolls of teleportation
Potions
 d - 2 potions of mutation
 h - a potion of enlightenment
 j - 2 potions of heal wounds
 k - a potion of might
 n - 2 potions of curing
 o - a potion of brilliance {unknown}

Dungeon Overview and Level Annotations

Branches:
Dungeon (7/15)
 Temple: D:4-7

Altars:
Ashenzari
Dithmenos
Gozag
Hepliaklqana
Kikubaaqudgha
Nemelex Xobeh
Trog
Zin

Shops:
D:1 *   D:7 *


Message History

A bullfrog comes into view.
The bullfrog gives a loud, deep croak!
An orc warrior comes into view. It is wielding a +0 scimitar.
You shoot an arrow. The orc warrior shouts!
The arrow hits the bullfrog!
The bullfrog is severely wounded.
An orc comes into view. It is wielding a +0 hand axe.
You shoot an arrow. The orc shouts!
The arrow hits the bullfrog!!
You kill the bullfrog!
The orc warrior unwields a +0 scimitar.
The orc warrior wields a +0 orcbow.
The orc warrior shoots an arrow.
The arrow hits you.
You hear a shout!
Your Fighting skill increases to level 4!
You shoot an arrow.
The arrow hits the orc warrior but does no damage.
The orc warrior shoots an arrow.
The arrow hits you.
4816 ||| FLEEEEING.
The orc warrior shoots an arrow.
The arrow closely misses you.
4817 ||| FLEEEEING.
You start resting.
An orc warrior is nearby!
You shoot an arrow.
The arrow barely misses the orc warrior.
The orc warrior shoots an arrow.
The arrow hits you.
The orc warrior shoots an arrow.
The arrow barely misses you.
You shoot an arrow. The arrow hits the orc warrior!
The orc warrior is heavily wounded.
The orc warrior shoots an arrow.
The arrow hits you.
You shoot an arrow. The arrow hits the orc warrior.
The orc warrior is heavily wounded.
The orc warrior shoots an arrow.
The arrow hits you!
You shoot an arrow.
The arrow hits the orc warrior but does no damage.
The orc warrior is heavily wounded.
The orc warrior shoots an arrow.
The arrow hits you.
The orc warrior shoots an arrow.
The arrow hits you!
You die...

###.###### .oo.?.o..#
.##.####.#################
#.@...............#
###########..####.#
###...###.# #PPPPP.##.#
#P$$$P.##.# ##P$$$P....#
#.P$$$P....# #.PPPPP.#...
#.#..#..#.#.


You could see an orc warrior.

Vanquished Creatures
  A yak (D:5)
  Eustachio (D:6)
  3 water moccasins
  An ice beast (D:7)
  A black bear (D:5)
  2 orc warriors
  4 ogres
  2 centaurs (D:6)
  A kobold brigand (D:3)
  A bullfrog (D:7)
  3 scorpions
  A howler monkey (D:6)
  A bombardier beetle (D:5)
  2 orc priests (D:6)
  3 jellies
  3 hounds
  A gnoll bouda (D:4)
  A sleepcap (D:6)
  Jessica (D:2)
  7 iguanas
  5 orc wizards
  3 gnolls (D:4)
  5 adders
  2 shadow imps (D:6)
  2 white imps (D:5)
  4 dart slugs
  2 ribbon worms (D:3)
  14 orcs
  2 bats (D:3)
  5 endoplasms
  A giant cockroach (D:3)
  2 goblins (D:1)
  9 hobgoblins
  3 jackals (D:3)
  3 quokkas
  2 ball pythons (D:1)
  A frilled lizard (D:3)
  10 kobolds
  9 rats
124 creatures vanquished.

Notes
Turn   | Place    | Note
-------+----------+-------------------------------------------
     0 | D:1      | qw the Deep Elf Hunter began the quest for the Orb.
     0 | D:1      | Reached XP level 1. HP: 12/12 MP: 3/3
     0 | D:1      | 0 ||| qw: Version: 0.3-a-160-g6735b56
     0 | D:1      | 0 ||| qw: Game counter: 5005
     0 | D:1      | 0 ||| qw: Melee chars always use a shield: true
     0 | D:1      | 0 ||| qw: God list: Okawaru
     0 | D:1      | 0 ||| qw: Allow faded altars: false
     0 | D:1      | 0 ||| qw: Do Orc after clearing Dungeon:15 true
     0 | D:1      | 0 ||| qw: Do second Lair branch before Depths: true
     0 | D:1      | 0 ||| qw: Lair rune preference: random
     0 | D:1      | 0 ||| qw: Goals: Normal
     0 | D:1      | 0 ||| PLANNING D:1-11
    39 | D:1      | You fall into a shaft and drop 1 floor!
    40 | D:2      | Noticed Jessica
    49 | D:2      | Killed Jessica
    50 | D:2      | Reached skill level 6 in Ranged Weapons
    50 | D:2      | Reached XP level 2. HP: 16/16 MP: 4/4
   141 | D:2      | Reached XP level 3. HP: 20/20 MP: 5/5
   163 | D:2      | 163 ||| UPGRADING to +0 scale mail.
   173 | D:2      | 173 ||| DROPPING +0 leather armour.
   174 | D:2      | 174 ||| READING scroll labelled PIRYEGE QARHAT.
   175 | D:2      | 175 ||| DROPPING scroll of butterflies.
   184 | D:2      | 184 ||| STAIRDANCE
   448 | D:1      | Found Moshradd's General Store.
   456 | D:1      | 456 ||| BUYING potion of enlightenment (55 gold).
   456 | D:1      | Bought a potion of enlightenment for 55 gold pieces
   456 | D:1      | 456 ||| BUYING scroll of identify (22 gold).
   456 | D:1      | Bought a scroll of identify for 22 gold pieces
   456 | D:1      | 456 ||| SHOPLISTING scroll of teleportation (33 gold, have
                  | 7).
   528 | D:1      | Reached skill level 7 in Ranged Weapons
   878 | D:1      | 878 ||| UPGRADING to +0 pair of gloves.
   883 | D:1      | 883 ||| UPGRADING to amulet of regeneration.
   888 | D:1      | 888 ||| READING 3 scrolls of identify.
   888 | D:1      | 888 ||| IDENTIFYING silvery potion
   889 | D:1      | 889 ||| READING 2 scrolls of identify.
   889 | D:1      | 889 ||| IDENTIFYING metallic white potion
   890 | D:1      | 890 ||| READING scroll of identify.
   890 | D:1      | 890 ||| IDENTIFYING fizzy puce potion
   891 | D:1      | 891 ||| READING scroll labelled NINERE BEUG.
   892 | D:1      | 892 ||| DROPPING potion of degeneration.
   894 | D:1      | 894 ||| Stepping ~*~*~tactically~*~*~ (cloud).
   896 | D:1      | HP: 5/20 [poisoned by you (poison gas)]
   901 | D:1      | HP: 4/20 [poisoned by you (poison gas)]
   989 | D:2      | 989 ||| SWAPPING to +0 longbow.
   990 | D:2      | 990 ||| DROPPING +0 shortbow.
  1267 | D:2      | 1267 ||| READING scroll labelled JAYQI IREUKK.
  1427 | D:3      | Identified the +5 ring mail "Mihif" {Str+5 Int+3}
  1478 | D:3      | Reached XP level 4. HP: 21/25 MP: 6/6
  1688 | D:3      | Found an opulent altar of Gozag.
  1946 | D:3      | Noticed a kobold brigand
  1989 | D:3      | Found a broken altar of Ashenzari.
  2039 | D:3      | Killed a kobold brigand
  2040 | D:3      | Reached skill level 8 in Ranged Weapons
  2040 | D:3      | Reached XP level 5. HP: 9/29 MP: 7/7
  2145 | D:3      | 2145 ||| UPGRADING to +5 ring mail "Mihif" {Str+5 Int+3}.
  2155 | D:3      | 2155 ||| DROPPING +0 scale mail.
  2156 | D:3      | 2156 ||| DROPPING amulet of guardian spirit.
  2157 | D:3      | 2157 ||| UPGRADING to ring of protection from cold.
  2158 | D:3      | 2158 ||| READING scroll labelled CIOPSI AWUDU.
  2159 | D:3      | 2159 ||| READING scroll labelled CUSIVOWENA.
  2159 | D:3      | Identified a scroll of acquirement
  2159 | D:3      | 2159 ||| ACQUIRING amulet of Foux {RegenMP Str-3 Int+7
                  | Slay+6}
  2159 | D:3      | Acquired the amulet of Foux {RegenMP Str-3 Int+7 Slay+6}
  2161 | D:3      | 2161 ||| UPGRADING to amulet of Foux {RegenMP Str-3 Int+7
                  | Slay+6}.
  2171 | D:3      | 2171 ||| DROPPING amulet of regeneration.
  2172 | D:3      | 2172 ||| READING scroll labelled UCWONA WOTARI.
  2177 | D:3      | 2177 ||| READING scroll labelled LIOME LASARGH.
  2178 | D:3      | 2178 ||| READING scroll labelled ONOUCE ENYLEF.
  2279 | D:3      | 2279 ||| DRINKING 2 pink potions.
  2280 | D:3      | 2280 ||| DRINKING glowing emerald potion.
  2281 | D:3      | 2281 ||| DRINKING brown potion.
  2282 | D:3      | 2282 ||| DROPPING potion of ambrosia.
  2337 | D:4      | Found an ancient bone altar of Kikubaaqudgha.
  2424 | D:4      | Found a bloodstained altar of Trog.
  2493 | D:4      | Reached skill level 9 in Ranged Weapons
  2525 | D:4      | Reached skill level 3 in Dodging
  2560 | D:4      | Reached XP level 6. HP: 35/35 MP: 8/8
  2598 | D:4      | Found a glowing silver altar of Zin.
  2693 | D:4      | 2693 ||| READING scroll of acquirement.
  2693 | D:4      | 2693 ||| ACQUIRING ring of resist corrosion
  2693 | D:4      | Acquired a ring of resist corrosion
  2963 | D:4      | 2963 ||| UPGRADING to ring of resist corrosion.
  2964 | D:4      | 2964 ||| READING scroll labelled ULUYXY TUWO.
  2964 | D:4      | 2964 ||| ENCHANTING +0 longbow.
  2995 | D:5      | Entered Level 5 of the Dungeon
  3026 | D:5      | Reached skill level 10 in Ranged Weapons
  3062 | D:5      | Identified the +3 flail of Big Damage {drain, rElec rC-
                  | Str+6 Dex+3}
  3069 | D:5      | Reached skill level 1 in Armour
  3069 | D:5      | Reached XP level 7. HP: 40/40 MP: 9/9
  3351 | D:5      | Reached skill level 11 in Ranged Weapons
  3424 | D:5      | Found a hazy altar of Hepliaklqana.
  3584 | D:5      | Noticed a yak
  3585 | D:5      | 3585 ||| RETREEEEATING.
  3586 | D:5      | 3586 ||| RETREEEEATING.
  3587 | D:5      | 3587 ||| DRINKING potion of haste.
  3593 | D:5      | Killed a yak
  3594 | D:5      | Reached skill level 12 in Ranged Weapons
  3607 | D:5      | Reached XP level 8. HP: 35/44 MP: 10/10
  3896 | D:5      | 3896 ||| READING scroll of identify.
  3896 | D:5      | 3896 ||| IDENTIFYING lumpy pink potion
  3897 | D:5      | 3897 ||| READING scroll labelled GAMIXO TITZIT.
  3898 | D:5      | 3898 ||| READING scroll labelled LISUOF LOSIBA.
  3899 | D:5      | 3899 ||| DROPPING potion of invisibility.
  3922 | D:6      | Reached skill level 3 in Fighting
  3925 | D:6      | 3925 ||| STAIRDANCE
  3934 | D:6      | Found a shadowy altar of Dithmenos.
  3972 | D:6      | Reached skill level 13 in Ranged Weapons
  4041 | D:6      | Noticed Eustachio
  4045 | D:6      | 4045 ||| RETREEEEATING.
  4048 | D:6      | 4048 ||| RETREEEEATING.
  4049 | D:6      | 4049 ||| RETREEEEATING.
  4051 | D:6      | 4051 ||| RETREEEEATING.
  4052 | D:6      | 4052 ||| RETREEEEATING.
  4053 | D:6      | 4053 ||| RETREEEEATING.
  4055 | D:6      | 4055 ||| RETREEEEATING.
  4057 | D:6      | 4057 ||| RETREEEEATING.
  4058 | D:6      | 4058 ||| RETREEEEATING.
  4059 | D:6      | 4059 ||| RETREEEEATING.
  4067 | D:6      | Killed Eustachio
  4150 | D:6      | Identified the +0 scale mail "Dukhot" {rPois Dex+3}
  4192 | D:6      | Found a sparkling altar of Nemelex Xobeh.
  4231 | D:6      | Reached skill level 14 in Ranged Weapons
  4276 | D:6      | Reached XP level 9. HP: 51/51 MP: 11/11
  4590 | D:6      | 4590 ||| UPGRADING to +0 scale mail "Dukhot" {rPois Dex+3}.
  4600 | D:6      | 4600 ||| DROPPING amulet of the acrobat.
  4601 | D:6      | 4601 ||| READING scroll of identify.
  4601 | D:6      | 4601 ||| IDENTIFYING cyan potion
  4602 | D:6      | 4602 ||| DROPPING wand of flame (30).
  4618 | D:7      | 4618 ||| RETREEEEATING.
  4619 | D:7      | 4619 ||| RETREEEEATING.
  4620 | D:7      | 4620 ||| RETREEEEATING.
  4621 | D:7      | 4621 ||| RETREEEEATING.
  4623 | D:7      | 4623 ||| RETREEEEATING.
  4657 | D:7      | Reached skill level 15 in Ranged Weapons
  4766 | D:7      | Found Wek Buipo's Elemental Accessories.
  4816 | D:7      | 4816 ||| FLEEEEING.
  4817 | D:7      | 4817 ||| FLEEEEING.
  4824 | D:7      | Shot with an arrow by an orc warrior

Levels and vault maps discovered:
D:1:      dpeg_arrival_erosion, layout_basic, serial_shops, shop, minivault_19,
          minmay_stone_trees_small
D:2:      layout_basic, uniq_jessica
D:3:      cheibrodos_thug_alley, layout_loops_ring,
          mainiacjoe_overflow_small_starburst, nicolae_ashenzari_panopticon
D:4:      layout_loops_ring, kiku_gazebo_garden_becter,
          mainiacjoe_overflow_paths, trog_book
D:5:      minmay_thinvault, layout_cave_pods, nicolae_hepliaklqana_hippocampus
D:6:      layout_cave_pools, mainiacjoe_overflow_cross_hatched,
          amcnicky_altar_gilded, serial_library_hellmonk_metal_room,
          uniq_eustachio
D:7:      layout_loops_cross, nicolae_overflow_crystal_walls,
          grunt_qazlal_clouds, minmay_temple_entry_stoned_glass,
          grunt_ministairs_14, nicolae_elemental_shop, minmay_gold_behind_fungi,
          minmay_misc_feat_roman, st_stairs_11

Skill      XL: |  1  2  3  4  5  6  7  8  9 |
---------------+----------------------------+-----
Ranged Weapons | 6 7 8 9 10 12 14 15 | 15.0
Fighting       | 2 3 4 |  4.0
Dodging        | 3 4 5 |  5.0
Armour         | 1 2 |  2.2
Stealth        | |  1.2

Action                     |  1- 3 |  4- 6 |  7- 9 || total
---------------------------+-------+-------+-------++-------
   Fire: Shortbow          |    69 |       |       ||    69
         Longbow           |    13 |   105 |   151 ||   269
    Use: Scroll            |     6 |     7 |     4 ||    17
         Potion            |       |     3 |     1 ||     4
 Armour: Scale mail        |    23 |    17 |    14 ||    54
         Ring mail         |       |    13 |    47 ||    60
  Dodge: Dodged            |    11 |    21 |    34 ||    66

Table legend:
 A = Non-vault XP
 B = Vault XP
 C = Vault XP percentage of total XP
 D = Non-vault monster count
 E = Vault monster count
 F = Vault count percentage of total count
                 A         B        C        D         E       F
            +---------+---------+-------+---------+---------+-------
      Total |    2193 |    1633 |  42.7 |      91 |      33 |  26.6
            +---------+---------+-------+---------+---------+-------
        D:1 |      27 |       0 |   0.0 |      16 |       0 |   0.0
        D:2 |       9 |      37 |  80.4 |       6 |       1 |  14.3
        D:3 |      51 |     114 |  69.1 |      19 |       8 |  29.6
        D:4 |     239 |       0 |   0.0 |      15 |       0 |   0.0
        D:5 |     386 |     829 |  68.2 |       9 |      19 |  67.9
        D:6 |    1153 |     237 |  17.1 |      23 |       2 |   8.0
        D:7 |     328 |     416 |  55.9 |       3 |       3 |  50.0
            +---------+---------+-------+---------+---------+-------
